Map: Orbital Shipyard

Players

MorN

  • Race: Terran Terran
  • League: Master

Apocalypse - Winner!

  • Race: Protoss Protoss
  • League: Master

VOD

Have the link to the VOD?

Description

Time

  • Played on: Dec. 2, 2015, 2:04 p.m.
  • Length: 18:42
Show
View Real Time Build Order
Export as new Build Order

MorN Terran 

Build Orders: Cyclone Opening, MMM Bio 

Get SALT Encoding   

  12  0:00  SCV  
  13  0:12  SCV  
  14  0:17  Supply Depot  
  14  0:25  SCV  
  15  0:39  SCV  
  15  0:41  Barracks  
  16  0:47  Refinery  
  16  0:51  SCV  
  17  1:03  SCV  
  18  1:15  SCV  
  19  1:28  Marine  
  19  1:30  Orbital Command  
  20  1:42  Command Center  
  21  1:53  Factory, Marine  
  21  1:57  SCV  
  22  2:10  Marine  
  22  2:15  Supply Depot  
  23  2:36  SCV, Marine  
  25  2:37  Barracks  
  25  2:40  Factory Tech Lab  
  25  2:48  SCV  
  26  2:56  Orbital Command  
  26  2:59  Cyclone  
  26  3:03  SCV  
  30  3:05  Marine  
  31  3:15  SCV  
  32  3:28  Marine  
  33  3:36  Barracks  
  33  3:38  SCV x2, Factory Reactor  
  35  3:43  Command Center  
  35  3:44  Refinery  
  35  3:45  Engineering Bay  
  35  3:48  Marine x2  
  37  3:56  SCV x2  
  37  3:58  Refinery  
  37  4:01  Stimpack  
  39  4:09  Marine x2  
  41  4:10  SCV x2  
  43  4:23  Factory Reactor  
  43  4:25  SCV x2  
  43  4:29  Marine  
  46  4:35  Starport  
  46  4:42  Supply Depot  
  46  4:46  Refinery  
  46  4:54  Marine x3  
  46  4:55  SCV x2, Barracks Tech Lab  
  46  4:57  Orbital Command  
  46  4:58  Supply Depot  
  53  5:07  SCV x2, Supply Depot  
  53  5:11  Factory Reactor  
  53  5:12  Marine  
  54  5:15  Terran Infantry Weapons Level 1  
  54  5:17  Combat Shields  
  54  5:19  SCV x2, Marine x2  
  59  5:28  SCV  
  59  5:31  SCV x2, Medivac x2  
  65  5:36  Marauder  
  65  5:38  Marauder  
  65  5:40  SCV  
  70  5:43  SCV  
  70  5:44  Marine x2  
  70  5:48  Widow Mine  
  70  5:49  Widow Mine  
  77  5:52  SCV  
  77  5:56  Missile Turret  
  78  6:02  Concussive Shells, Marine x2  
  80  6:04  Marauder  
  80  6:05  Marauder  
  80  6:06  Orbital Command  
  80  6:07  Supply Depot x2  
  84  6:14  SCV  
  85  6:25  Barracks  
  85  6:26  Barracks  
  85  6:28  Marauder x2, Widow Mine x2  
  85  6:29  Marine  
  85  6:32  Medivac x2  
  98  6:34  SCV  
  98  6:35  SCV  
  98  6:38  SCV  
  101  6:41  Supply Depot  
  101  6:42  Supply Depot  
  101  6:54  Supply Depot  
  101  7:02  SCV x2, Marine x2  
  101  7:03  Marauder x2  
  101  7:04  SCV  
  110  7:10  Terran Infantry Armor Level 1  
  101  7:35  Marine x2  
  101  7:36  Marauder, Marine  
  106  7:37  Barracks Tech Lab  
  106  7:38  Barracks Reactor  
  103  7:45  Medivac x2  
  103  7:49  Engineering Bay  
  103  7:50  Armory  
  106  7:53  Marine x2  
  106  7:54  Marauder  
  106  7:58  Marauder, Widow Mine x2  
  114  8:01  Supply Depot  
  114  8:02  Supply Depot  
  114  8:05  Supply Depot, Liberator  
  116  8:06  Liberator  
  116  8:10  SCV x2  
  116  8:12  SCV  
  119  8:13  Refinery  
  119  8:14  Marauder, Refinery, Marine x2  
  119  8:15  Marine  
  124  8:22  SCV x2  
  124  8:23  Marauder  
  124  8:24  SCV, Supply Depot  
  135  8:27  Supply Depot  
  135  8:28  Marine x2  
  135  8:30  Supply Depot  
  137  8:34  SCV  
  137  8:36  Marauder  
  137  8:38  SCV x2  
  142  8:42  Terran Infantry Weapons Level 2  
  142  8:43  Terran Vehicle Weapons Level 1  
  142  8:45  Widow Mine x2  
  142  8:47  SCV  
  147  8:50  SCV, Liberator x2  
  147  8:51  SCV  
  147  8:53  Command Center  
  149  8:58  Marine x2  
  149  8:59  SCV, Marauder x2  
  156  9:03  SCV x2  
  164  9:11  SCV  
  164  9:13  Widow Mine x2  
  164  9:16  Marauder, Marine x2  
  173  9:19  Terran Infantry Armor Level 2  
  173  9:20  Supply Depot  
  174  9:24  SCV x2, Supply Depot  
  174  9:27  Supply Depot  
  175  9:33  Liberator x2  
  173  9:43  Marine x4  
  173  9:44  Marauder  
  177  9:48  Marine x2, Widow Mine x2  
  189  10:00  Marine x2  
  189  10:01  Marine x2  
  189  10:06  Marauder  
  189  10:07  Marauder x2  
  199  10:18  Marine  
  200  10:26  Marine x3  
  200  10:27  Marauder  
  200  10:28  Marauder x2  
  185  10:36  Marine  
  185  10:39  Medivac x2  
  188  10:43  Marine  
  188  10:44  Marine x2  
  188  10:48  Marauder  
  188  10:49  Marauder, Marine  
  175  10:54  Marine  
  154  11:01  Marine  
  149  11:07  Marauder  
  149  11:10  Marine  
  145  11:11  Medivac x2  
  149  11:21  Marine x2  
  149  11:22  Marauder  
  149  11:24  Marine x2  
  153  11:29  Marauder  
  153  11:30  Marine  
  153  11:39  Marine x2  
  143  11:42  Marauder, Marine  
  143  11:43  Marauder  
  143  11:45  Liberator x2  
  146  11:47  Missile Turret, Marine  
  146  11:49  Marine  
  146  11:50  Barracks  
  146  11:51  Barracks  
  146  11:52  Barracks  
  141  11:57  Marine x2  
  142  12:01  Marine  
  142  12:04  Marauder  
  142  12:05  Marine, Marauder  
  142  12:06  Terran Infantry Weapons Level 3, Terran Infantry Armor Level 3  
  147  12:15  Marine x2  
  147  12:16  Marauder  
  147  12:19  Marine  
  148  12:23  Marine  
  148  12:25  Marine  
  148  12:26  Marauder  
  148  12:28  Liberator x2  
  146  12:33  Marine x2  
  123  12:37  Marauder  
  123  12:39  Marine  
  123  12:43  Marauder  
  121  12:44  Barracks Tech Lab  
  121  12:45  Barracks Tech Lab  
  121  12:46  Barracks Reactor  
  121  12:47  Planetary Fortress  
  121  12:48  Marauder  
  121  12:50  Refinery  
  121  12:51  Refinery  
  128  12:52  Command Center  
  128  12:54  Command Center, Marine x2  
  130  12:58  Widow Mine  
  130  12:59  Marauder, Starport, Widow Mine  
  130  13:03  Marine x3  
  130  13:04  Marauder x2  
  143  13:09  Marauder  
  143  13:12  Supply Depot x2  
  145  13:18  Marine  
  146  13:20  Marauder, Liberator  
  146  13:27  Widow Mine  
  146  13:28  Medivac  
  146  13:36  Marauder, Marine x3  
  146  13:37  Marauder x2  
  158  13:48  Medivac x2  
  162  13:58  Marine x2  
  162  13:59  Marauder  
  166  14:06  Orbital Command  
  166  14:12  Marine x3  
  166  14:13  Marauder  
  166  14:15  Command Center  
  171  14:20  Marine  
  171  14:21  Marauder x2, Marine x2  
  171  14:22  Marauder  
  171  14:24  Liberator x4  
  174  14:35  Marauder  
  167  14:39  Marauder  
  167  14:43  Marauder x2  
  172  14:56  Marine  
  172  14:57  Marauder, Marine  
  176  15:03  Marine x4  
  176  15:04  Marauder x2  
  176  15:07  Liberator  
  179  15:21  Marine x4  
  147  15:22  Marauder  
  147  15:24  Medivac x3  
  142  15:32  Planetary Fortress  
  137  15:39  Marine x3  
  137  15:40  Marauder  
  126  15:49  Marine x2  
  126  15:50  Marauder  
  126  15:54  Medivac x3  
  126  15:56  Marine x3  
  135  16:01  Marauder  
  137  16:11  Missile Turret  
  137  16:12  Marine x3  
  137  16:13  Marauder  
  137  16:14  Marauder x2  
  146  16:24  Widow Mine  
  146  16:25  Marine x3  
  153  16:26  Marauder  
  153  16:30  Marine x2  
  155  16:39  Marine  
  152  16:40  Marine x2  
  152  16:41  Marauder  
  156  16:51  Marine x2  
  156  16:52  Marauder  
  148  17:07  Marauder, Marine x3  
  147  17:11  Marauder, Marine x3  
  147  17:12  Marauder  
  147  17:14  Marauder  
  156  17:21  Widow Mine  
  156  17:22  Widow Mine  
  160  17:24  Marine x2  
  160  17:25  Marine  
  160  17:28  Marine  
  160  17:29  Marauder x2, Marine  
  156  17:33  Marauder  
  156  17:35  Liberator  
  158  17:41  Marine  
  146  17:48  Marine x3  
  146  17:49  Medivac, Marauder  
  146  17:50  Marine, Medivac x2  
Show
View Real Time Build Order
Export as new Build Order

Apocalypse Protoss - Winner!

Build Orders: 1 Gate Expand, Double Forge 

Get SALT Encoding   

  12  0:01  Probe (Chrono Boost)  
  13  0:11  Probe (Chrono Boost)  
  14  0:18  Pylon  
  14  0:22  Probe (Chrono Boost)  
  15  0:36  Probe (Chrono Boost)  
  15  0:38  Gateway  
  16  0:47  Probe (Chrono Boost)  
  17  0:57  Probe (Chrono Boost)  
  17  0:58  Assimilator  
  18  1:08  Probe (Chrono Boost)  
  19  1:19  Probe (Chrono Boost)  
  19  1:22  Nexus  
  20  1:29  Probe (Chrono Boost)  
  21  1:36  Forge  
  22  1:40  Probe (Chrono Boost)  
  22  1:47  Pylon  
  22  1:50  Probe (Chrono Boost)  
  23  1:54  Assimilator  
  23  2:05  Probe (Chrono Boost)  
  23  2:08  Forge, Protoss Ground Armor Level 1 (Chrono Boost)  
  24  2:18  Probe  
  25  2:32  Probe  
  26  2:37  Cybernetics Core  
  26  2:40  Probe  
  26  2:42  Protoss Ground Weapons Level 1 (Chrono Boost)  
  27  2:44  Probe  
  28  2:52  Probe  
  28  2:56  Probe  
  30  3:04  Gateway  
  30  3:06  Probe (Chrono Boost)  
  30  3:07  Gateway  
  32  3:14  Mothership Core (Chrono Boost)  
  32  3:18  Assimilator  
  32  3:19  Assimilator  
  34  3:21  Probe (Chrono Boost)  
  34  3:22  Warp Gate (Chrono Boost)  
  34  3:31  Twilight Council  
  34  3:33  Probe x2 (Chrono Boost)  
  36  3:40  Pylon  
  36  3:43  Probe (Chrono Boost)  
  36  3:44  Probe (Chrono Boost)  
  38  3:48  Adept (Chrono Boost)  
  38  3:52  Sentry (Chrono Boost)  
  38  3:55  Probe  
  43  3:57  Probe  
  44  4:07  Probe  
  44  4:09  Probe  
  46  4:13  Protoss Ground Armor Level 2 (Chrono Boost)  
  46  4:15  Blink  
  46  4:19  Probe  
  46  4:21  Probe  
  48  4:28  Stalker x2  
  52  4:31  Probe  
  52  4:33  Probe  
  52  4:35  Protoss Ground Weapons Level 2 (Chrono Boost)  
  54  4:39  Pylon  
  54  4:41  Pylon  
  54  4:54  Templar Archives  
  54  4:57  Probe x2  
  60  5:09  Probe x2  
  58  5:20  Photon Cannon  
  58  5:21  Probe x2  
  58  5:25  Sentry x2, Nexus  
  58  5:26  Pylon  
  58  5:27  Sentry  
  66  5:33  Probe x2  
  66  5:35  Photon Cannon  
  68  5:43  Psionic Storm  
  68  5:44  Pylon  
  68  5:50  Probe x2  
  68  5:55  Stalker x3  
  76  6:02  Probe x2  
  78  6:06  Assimilator  
  78  6:12  Assimilator  
  78  6:16  Probe  
  78  6:17  Probe, Protoss Ground Armor Level 3 (Chrono Boost)  
  80  6:22  Adept x2  
  80  6:23  Adept  
  86  6:36  Probe x2  
  86  6:38  Pylon  
  88  6:40  Protoss Ground Weapons Level 3 (Chrono Boost), Pylon  
  88  6:42  Pylon  
  88  6:48  Probe  
  88  6:50  Adept x2  
  88  6:51  Probe  
  88  6:53  Probe  
  95  6:57  Pylon  
  95  6:59  High Templar  
  97  7:02  Probe x2  
  99  7:14  Probe  
  99  7:15  Probe x2  
  101  7:16  Gateway  
  101  7:18  Gateway, Pylon  
  101  7:20  Gateway  
  100  7:23  Adept  
  100  7:24  Zealot  
  100  7:25  Probe  
  103  7:33  Adept x2  
  103  7:34  Probe x2  
  107  7:38  Probe  
  101  7:46  Mothership Core, Probe  
  102  7:55  Pylon  
  102  7:57  Pylon, High Templar  
  104  7:58  Pylon, High Templar  
  104  8:00  High Templar  
  104  8:02  Pylon  
  108  8:09  Gateway  
  108  8:10  Gateway  
  108  8:11  Gateway  
  108  8:20  Probe x2  
  108  8:21  Resonating Glaives (Chrono Boost)  
  110  8:27  Adept x2  
  110  8:28  Adept  
  116  8:39  Probe, Photon Cannon  
  116  8:40  Probe x2  
  119  8:48  Protoss Shields Level 1  
  119  8:52  Adept x3  
  119  8:53  Stalker x2  
  119  8:54  Stalker  
  131  9:07  Pylon  
  131  9:11  Pylon  
  131  9:14  Gateway, Pylon, Robotics Facility  
  131  9:18  Stalker  
  131  9:19  Stalker x4  
  131  9:20  Stalker x2  
  131  9:23  High Templar x2  
  148  9:49  Nexus  
  148  9:51  Pylon  
  144  10:02  High Templar x2  
  144  10:03  High Templar  
  144  10:05  Zealot x4  
  144  10:06  Zealot x2  
  162  10:07  Charge (Chrono Boost)  
  158  10:41  Zealot  
  158  10:42  Zealot x7  
  172  10:43  Zealot x2  
  160  10:56  Protoss Shields Level 2  
  130  11:02  Zealot  
  130  11:03  Zealot x3  
  134  11:04  Adept x3  
  134  11:05  Adept x3  
  134  11:09  Archon x3  
  144  11:12  Observer (Chrono Boost)  
  145  11:23  High Templar x2  
  145  11:24  High Templar x2  
  145  11:25  Stalker x3  
  151  11:26  Stalker x3  
  135  11:49  Zealot x4  
  135  11:50  Zealot x2  
  125  12:01  Stalker x3  
  125  12:02  Stalker  
  125  12:06  Immortal (Chrono Boost)  
  133  12:18  Zealot x4  
  133  12:19  Zealot x2  
  129  12:33  Archon  
  119  12:42  Stalker x3  
  119  12:43  Stalker x7  
  137  12:50  Pylon  
  137  12:52  Pylon  
  137  12:54  Pylon  
  137  12:56  Photon Cannon x2  
  137  12:59  Assimilator  
  137  13:06  Assimilator  
  137  13:09  Immortal (Chrono Boost)  
  137  13:10  High Templar x6  
  137  13:11  High Templar  
  137  13:12  Zealot  
  157  13:13  Protoss Shields Level 3  
  157  13:19  Photon Cannon  
  151  13:41  Adept x2  
  151  13:42  Adept  
  151  13:43  Adept  
  151  13:44  Immortal (Chrono Boost)  
  151  13:45  Adept  
  165  13:57  Adept x2  
  165  13:58  Adept x3  
  175  14:17  Nexus  
  175  14:18  Immortal (Chrono Boost)  
  179  14:29  Probe x2  
  161  14:57  Immortal (Chrono Boost)  
  161  14:58  Adept  
  161  14:59  Adept x9  
  159  15:26  Stalker  
  159  15:27  Stalker x8  
  163  15:47  Stalker  
  163  15:52  Immortal (Chrono Boost)  
  163  15:55  High Templar x8  
  183  15:59  Archon x4  
  183  16:05  Assimilator  
  183  16:07  Assimilator  
  183  16:09  Pylon  
  183  16:10  Pylon  
  183  16:23  Zealot x2  
  175  17:06  Immortal (Chrono Boost)  
  171  17:08  Zealot  
  171  17:09  Zealot x9  
  191  17:22  Gateway  
  191  17:24  Gateway  
  191  17:28  Photon Cannon  
  191  17:29  Photon Cannon  
  191  17:30  Photon Cannon  
  191  17:33  Photon Cannon  
  189  17:50  High Templar x5  
  193  18:13  Stalker  
Tags
 
Add a new tag
Caveats
  • Supply blocks, unpowered buildings, or Contaminate may cause inaccurate times.
  • Supply counts are checked every 10 seconds.